Map: Orbital Shipyard

Players

FapperDupley - Winner!

  • Race: Protoss Protoss
  • League: Diamond

LilDicky

  • Race: Terran Terran
  • League: Diamond

VOD

http://www.twitch.tv/tumescentpie

Description

Time

  • Played on: Nov. 26, 2015, 10:37 p.m.
  • Length: 9:44
Show
View Real Time Build Order
Export as new Build Order

FapperDupley Protoss - Winner!

Build Orders:  

Get SALT Encoding   

  12  0:01  Probe (Chrono Boost)  
  13  0:12  Probe (Chrono Boost)  
  14  0:19  Pylon  
  14  0:31  Probe (Chrono Boost)  
  15  0:40  Gateway  
  15  0:41  Probe (Chrono Boost)  
  16  0:47  Assimilator  
  16  0:52  Probe (Chrono Boost)  
  17  1:03  Probe (Chrono Boost)  
  18  1:04  Pylon  
  18  1:13  Probe (Chrono Boost)  
  19  1:24  Probe (Chrono Boost)  
  20  1:29  Cybernetics Core, Zealot  
  22  1:53  Probe (Chrono Boost)  
  23  2:08  Mothership Core (Chrono Boost)  
  25  2:18  Nexus  
  25  2:38  Adept, Warp Gate  
  27  2:51  Probe (Chrono Boost)  
  28  2:59  Assimilator  
  28  3:02  Probe (Chrono Boost)  
  30  3:13  Probe (Chrono Boost)  
  30  3:16  Gateway  
  30  3:17  Pylon  
  30  3:18  Gateway  
  30  3:22  Stargate  
  30  3:23  Probe (Chrono Boost)  
  31  3:32  Forge  
  31  3:34  Probe (Chrono Boost)  
  32  3:38  Probe (Chrono Boost)  
  33  3:44  Probe (Chrono Boost)  
  33  3:48  Probe (Chrono Boost)  
  35  3:55  Probe (Chrono Boost)  
  36  4:00  Sentry  
  38  4:04  Probe (Chrono Boost)  
  39  4:10  Photon Cannon  
  39  4:11  Probe (Chrono Boost)  
  39  4:12  Oracle  
  39  4:16  Probe (Chrono Boost), Photon Cannon  
  44  4:22  Probe (Chrono Boost)  
  45  4:26  Probe (Chrono Boost)  
  45  4:32  Probe (Chrono Boost)  
  45  4:33  Assimilator  
  45  4:38  Assimilator  
  47  4:45  Probe (Chrono Boost)  
  47  4:47  Robotics Facility  
  47  4:49  Phoenix  
  49  4:53  Probe (Chrono Boost)  
  50  5:10  Probe (Chrono Boost)  
  50  5:12  Probe (Chrono Boost)  
  52  5:25  Probe x2 (Chrono Boost)  
  52  5:27  Protoss Ground Weapons Level 1  
  54  5:37  Twilight Council  
  54  5:43  Pylon  
  54  5:44  Pylon  
  54  5:46  Pylon  
  54  5:51  Warp Prism  
  54  6:01  Probe x2 (Chrono Boost)  
  56  6:08  Void Ray  
  60  6:12  Probe x2 (Chrono Boost)  
  60  6:15  Charge  
  62  6:21  Templar Archives  
  62  6:23  Gateway  
  62  6:25  Gateway  
  62  6:27  Gateway  
  62  6:28  Observer  
  62  6:31  Gateway  
  62  6:32  Sentry  
  65  6:39  Probe (Chrono Boost)  
  64  6:44  Probe (Chrono Boost)  
  64  6:49  Psionic Storm  
  64  6:56  Probe (Chrono Boost)  
  64  7:00  Zealot x2  
  64  7:01  Zealot  
  71  7:07  Immortal  
  75  7:13  Pylon  
  75  7:14  Pylon  
  75  7:16  Pylon  
  75  7:18  Pylon  
  75  7:28  High Templar  
  77  7:32  High Templar  
  77  7:33  Zealot x3  
  85  7:39  Void Ray (Chrono Boost)  
  85  7:43  Zealot x2  
  93  7:47  Immortal (Chrono Boost)  
  93  7:48  Pylon  
  93  7:49  Pylon  
  97  8:02  Zealot x3  
  97  8:04  High Templar  
  105  8:26  High Templar  
  105  8:27  Zealot x2  
  109  8:28  Zealot x3  
  117  8:45  Photon Cannon  
  117  8:47  Photon Cannon  
  117  8:55  Pylon  
  117  8:56  Pylon  
  117  9:13  High Templar x3  
  104  9:24  Archon x2  
  104  9:26  Archon  
Show
View Real Time Build Order
Export as new Build Order

LilDicky Terran 

Build Orders: Banshee Rush 

Get SALT Encoding   

  12  0:01  SCV  
  13  0:13  SCV  
  14  0:18  Supply Depot  
  14  0:25  SCV  
  15  0:31  Refinery  
  15  0:39  SCV  
  16  0:50  Barracks  
  16  0:51  SCV  
  17  1:03  SCV  
  18  1:19  SCV  
  19  1:39  Supply Depot, Orbital Command  
  19  1:41  Marine  
  19  1:46  Factory  
  19  2:00  Marine  
  20  2:10  SCV  
  20  2:13  Refinery  
  21  2:18  Marine  
  22  2:29  SCV  
  23  2:42  Factory Tech Lab, Marine  
  24  2:45  SCV, Starport  
  25  2:57  Command Center, SCV  
  29  3:17  SCV  
  28  3:29  SCV  
  28  3:30  Factory Tech Lab, Bunker  
  28  3:31  Banshee  
  28  3:32  Cloaking Field  
  31  3:47  Supply Depot  
  31  3:53  Barracks Reactor  
  31  4:05  Supply Depot  
  31  4:09  SCV, Siege Tank  
  35  4:17  Orbital Command  
  35  4:24  SCV  
  35  4:26  Banshee  
  35  4:30  Marine  
  35  4:31  Marine  
  40  4:38  SCV  
  42  4:43  Refinery  
  42  4:44  SCV  
  43  4:50  SCV  
  43  4:51  Refinery  
  44  5:05  SCV x2  
  46  5:10  Siege Tank  
  46  5:11  Banshee  
  49  5:17  SCV x2  
  51  5:26  Command Center  
  51  5:29  SCV  
  51  5:30  Marine  
  51  5:31  Marine  
  54  5:38  Engineering Bay  
  54  5:59  SCV  
  52  6:12  Siege Tank  
  52  6:18  SCV x2  
  57  6:27  Viking x2  
  57  6:30  SCV  
  62  6:34  Missile Turret  
  62  6:37  SCV, Missile Turret  
  63  6:44  Siege Tank, Liberator x2  
  63  6:45  Marine  
  64  6:49  Combat Shields  
  65  6:54  SCV, Starport  
  65  6:55  Starport  
  65  6:56  Supply Depot  
  72  7:03  Marine  
  72  7:06  SCV, Orbital Command  
  72  7:07  SCV  
  74  7:16  Siege Tank  
  74  7:17  Missile Turret  
  74  7:18  SCV  
  74  7:20  SCV  
  79  7:32  SCV x2  
  79  7:35  Missile Turret  
  79  7:36  SCV  
  82  7:37  Marine  
  82  7:38  Refinery x2  
  82  7:40  Starport Tech Lab  
  82  7:41  Starport Reactor  
  82  7:44  SCV  
  84  7:45  Armory  
  84  7:48  Armory  
  84  7:49  SCV  
  85  7:54  Supply Depot  
  85  8:01  SCV x3  
  85  8:03  Supply Depot x2  
  88  8:11  Cyclone  
  91  8:13  SCV x2  
  91  8:15  Starport Tech Lab  
  91  8:16  Banshee, SCV  
  97  8:20  Supply Depot  
  97  8:25  Supply Depot  
  97  8:26  Marine  
  97  8:29  Liberator  
  97  8:33  Supply Depot  
  98  8:37  Supply Depot  
  98  8:40  Supply Depot, SCV  
  98  8:41  SCV x2  
  104  8:54  Banshee  
  107  9:01  SCV x2  
  107  9:02  Fusion Core  
Tags
 
Add a new tag
Caveats
  • Supply blocks, unpowered buildings, or Contaminate may cause inaccurate times.
  • Supply counts are checked every 10 seconds.